 Dungeon Crawl Stone Soup version 0.32-a0-918-g0f22ef8d61 (webtiles) character file.

Game seed: 14101524738364858555

2993 Ofeo the Skirmisher (level 9, 0/68 HPs)
             Began as a Coglin Hunter on Apr 11, 2024.
             Was a Priest of Okawaru.
             Succumbed to a killer bee's poison
             ... on level 8 of the Dungeon.
             The game lasted 00:10:13 (9820 turns).

Ofeo the Skirmisher (Coglin Hunter)                 Turns: 9820, Time: 00:10:14

Health: 0/68       AC:  7    Str: 11 (12) XL:     9   Next: 83%
Magic:  9/9        EV: 14    Int:  6 (8)  God:    Okawaru [***...]
Gold:   419        SH:  0    Dex: 21 (22) Spells: 8/8 levels left

rFire   + . .        a - +2 sling {Aula}
rCold   + . .        d - +0 sling {Juwon}
rNeg    . . .        u - +0 steam dragon scales
rPois   +            (no helmet)
rElec   +            (no cloak)
rCorr   +            n - +0 pair of gloves
SInv    .            l - +0 pair of boots
Will    .....        (amulet unavailable)
Stlth   +++          (ring unavailable)
HPRegen 0.31/turn    (ring unavailable)
MPRegen 0.11/turn    (no gizmo)

%: no passive effects
@: brilliant, lethally poisoned (0 -> -2), resistant, revving
A: off-hand wielding, slow wielding, warmup strikes, no jewellery
a: Invent Gizmo, Renounce Religion, Heroism


You were on level 8 of the Dungeon.
You worshipped Okawaru.
Okawaru was most pleased with you.
You visited 2 branches of the dungeon, and saw 9 of its levels.

You collected 419 gold pieces.

Inventory:

Hand Weapons
 a - a +2 sling (weapon) {Aula}
 d - a +0 sling (offhand) {Juwon}
Armour
 l - a +0 pair of boots (worn)
 n - a +0 pair of gloves (worn)
 u - +0 steam dragon scales (worn)
Wands
 f - a wand of roots (8)
Scrolls
 b - 2 scrolls of teleportation {@r3}
 i - a scroll of vulnerability
 j - 2 scrolls of revelation
 m - a scroll of blinking {@r4}
 s - a scroll of fog
Potions
 e - a potion of attraction
 g - a potion of lignification {unknown}
 h - a potion of brilliance
 k - 2 potions of magic
 o - a potion of degeneration
 p - a potion of haste {unknown}
 r - a potion of resistance {@q6}
 t - 4 potions of heal wounds {unknown}


   Skills:
 - Level 5.5 Fighting
 + Level 9.8 Ranged Weapons
 - Level 4.9 Dodging
 - Level 4.6 Stealth


You had 8 spell levels left.
You didn't know any spells.
Your spell library contained the following spells:

 Spells                   Type           Power      Damage    Failure   Level
 Sandblast                Erth           0%         2d4       45%         1
 Stone Arrow              Conj/Erth      0%         3d7       83%         3
 Brom's Barrelling Bould  Conj/Erth      0%         2d3       99%         4
 Cause Fear               Hex            0%         N/A       99%         4
 Leda's Liquefaction      Alch/Erth      0%         N/A       99%         4
 Petrify                  Alch/Erth      0%         N/A       99%         4
 Fireball                 Conj/Fire      0%         3d3       100%        5
 Metabolic Englaciation   Hex/Ice        0%         N/A       100%        5
 Conjure Ball Lightning   Conj/Air       0%         3x3d6     100%        6
 Discord                  Hex            0%         N/A       100%        8
 Disjunction              Tloc           0%         N/A       100%        8
 Dragon's Call            Summ           Unusable   N/A       N/A         9

Dungeon Overview and Level Annotations

Branches:
Dungeon (8/15)             Temple (1/1) D:5            Lair (0/5) D:8

Altars:
Ashenzari
Cheibriados
Elyvilon
Gozag
Hepliaklqana
Kikubaaqudgha
Nemelex Xobeh
Okawaru
Qazlal
Ru
Sif Muna
Trog
Uskayaw
Vehumet
Wu Jian
Xom
Yredelemnul
Zin
The Shining One

Annotations:
D:8 exclusion: door


Innate Abilities, Weirdness & Mutations

You can wield a second weapon in your off-hand.
It takes a long time for you to wield or remove held weapons.
Your first few attacks do less damage.
You cannot equip rings or amulets.


Message History

The killer bee barely misses you. The killer bee stings you.
* * * LOW HITPOINT WARNING * * *
You take 5 damage, and have 11/68 hp.
You shoot a sling bullet. The sling bullet hits the killer bee!
The killer bee is severely wounded.
You shoot a sling bullet. The sling bullet hits the killer bee.
The killer bee is almost dead.
The killer bee misses you. The killer bee stings you.
* * * LOW HITPOINT WARNING * * *
You are lethally poisoned!
The killer bee poisons you!
You take 4 damage, and have 7/68 hp.
You shoot a sling bullet. The sling bullet hits the killer bee!
You kill the killer bee!
Okawaru accepts your kill.
You shoot a sling bullet.
* * * LOW HITPOINT WARNING * * *
You feel sick.
You take 2 damage, and have 5/68 hp.
* * * LOW HITPOINT WARNING * * *
You feel sick.
There is an open door here.
You see here a killer bee corpse.
You take 2 damage, and have 3/68 hp.
* * * LOW HITPOINT WARNING * * *
You feel sick.
You see here a killer bee corpse.
You take 1 damage, and have 2/68 hp.
It was a potion of brilliance.
You feel clever all of a sudden.
* * * LOW HITPOINT WARNING * * *
You feel sick.
It was a potion of magic.
Magic courses through your body.
* * * LOW HITPOINT WARNING * * *
You feel sick.
You take 1 damage, and have 1/68 hp.
It was a potion of degeneration.
There was something very wrong with that liquid.
You feel weakened.
You feel dopey.
You feel clumsy.
You die...

.........#.....................#
####+#####....................<#
#......................#########
#......................#
#......................#
'..............#########
#..............#.......#
..##'#####.....#......##
..#......#.....#@......#
..#......#.....#†#####.#
..#......#.............#
..#......#.............#
..###....#.............#
##########......†......#
.........#.............#
.........#..>..........#
.........#.............#


There were no monsters in sight!

Vanquished Creatures
  An elephant (D:8)
  A yak (D:8)
  A steam dragon (D:8)
  Menkaure (D:6)
  2 water moccasins (D:7)
  An ice beast (D:7)
  4 black bears
  A centaur (D:8)
  A phantom (D:5)
  3 bullfrogs
  2 scorpions
  4 wights (D:8)
  4 killer bees (D:8)
  A howler monkey (D:6)
  2 bombardier beetles (D:5)
  3 hounds
  A jelly (D:8)
  2 orc priests (D:5)
  3 orc wizards
  3 iguanas
  11 adders
  13 gnolls
  A ribbon worm (D:2)
  15 orcs
  6 ball pythons
  5 bats
  6 endoplasms
  4 giant cockroaches
  9 goblins
  3 hobgoblins (D:3)
  4 quokkas
  4 frilled lizards
  4 kobolds
  4 rats
130 creatures vanquished.

Notes
Turn   | Place    | Note
-------+----------+-------------------------------------------
     0 | D:1      | Ofeo the Coglin Hunter began the quest for the Orb.
     0 | D:1      | Reached XP level 1. HP: 16/16 MP: 1/1
   223 | D:1      | You fall into a shaft and drop 1 floor!
   333 | D:2      | Reached skill level 1 in Stealth
   415 | D:2      | Reached XP level 2. HP: 22/22 MP: 2/2
   707 | D:2      | Reached XP level 3. HP: 28/28 MP: 3/3
   744 | D:2      | Reached skill level 4 in Ranged Weapons
   766 | D:2      | Reached XP level 4. HP: 34/34 MP: 4/4
  1601 | D:1      | Found a faded altar of an unknown god.
  1839 | D:2      | Reached XP level 5. HP: 41/41 MP: 5/5
  2586 | D:3      | Identified the +0 ring mail of Benevolence {Dex+4}
  2920 | D:3      | Found a basalt altar of Yredelemnul.
  3477 | D:4      | Noticed a sky beast
  3588 | D:4      | Found a shimmering blue altar of Sif Muna.
  3642 | D:4      | Reached XP level 6. HP: 40/47 MP: 6/6
  3768 | D:4      | Found a hide-covered altar of Uskayaw.
  3768 | D:4      | Found a hazy altar of Hepliaklqana.
  4445 | D:5      | Entered Level 5 of the Dungeon
  4553 | D:5      | Reached XP level 7. HP: 54/54 MP: 7/7
  4630 | D:5      | Reached skill level 5 in Ranged Weapons
  4912 | D:5      | Found a staircase to the Ecumenical Temple.
  4987 | Temple   | Entered the Ecumenical Temple
  5014 | Temple   | Became a worshipper of Warmaster Okawaru
  5454 | D:6      | Noticed Menkaure
  5461 | D:6      | Killed Menkaure
  5696 | D:6      | Reached XP level 8. HP: 55/61 MP: 8/8
  5743 | D:6      | Found a sparkling altar of Nemelex Xobeh.
  5743 | D:6      | Found an opulent altar of Gozag.
  5934 | D:6      | Reached skill level 5 in Fighting
  6138 | D:6      | Found a broken altar of Ashenzari.
  6310 | D:7      | Reached * piety under Okawaru
  6684 | D:7      | HP: 3/62 [poisoned by a water moccasin]
  7066 | D:7      | Noticed a wyvern
  7312 | D:7      | HP: 1/63 [water moccasin (3)]
  7322 | D:7      | Reached skill level 6 in Ranged Weapons
  8718 | D:8      | Noticed a yak
  8734 | D:8      | Reached ** piety under Okawaru
  8735 | D:8      | Reached skill level 7 in Ranged Weapons
  8735 | D:8      | Reached XP level 9. HP: 62/68 MP: 9/9
  8802 | D:8      | Noticed an elephant
  9039 | D:8      | Killed an elephant
  9040 | D:8      | Reached skill level 8 in Ranged Weapons
  9259 | D:8      | Found a staircase to the Lair.
  9259 | D:8      | Noticed a komodo dragon
  9461 | D:8      | Reached skill level 9 in Ranged Weapons
  9554 | D:8      | Found a glowing silver altar of Zin.
  9702 | D:8      | Reached *** piety under Okawaru
  9816 | D:8      | HP: 3/68 [poisoned by a killer bee]
  9819 | D:8      | HP: 1/68 [poisoned by a killer bee]
  9820 | D:8      | Succumbed to a killer bee's poison

Illustrated notes

Levels and vault maps discovered:
D:1:      saegor_arrival_under_anarchy, layout_loops_cross,
          dilly_ecumenical_altar_fadedgnrine
D:2:      layout_basic, chequers_serial_rivers_large_b
D:3:      layout_basic, mainiacjoe_overflow_brackets
D:4:      layout_basic, jmf_multi_god_temple, kennysheep_mini, uniq_robin
D:5:      layout_basic, temple_pool_b, serial_bayou_lake_a
D:6:      layout_basic, grunt_temple_overflow_opulence, kennysheep_little_box,
          chequers_serial_rivers_micro_e, uniq_menkaure
D:7:      layout_basic
D:8:      layout_gridville, zin_treasury, grunt_lair_entry_orc_guard_hut
Temple:   grunt_temple_mini_profane

Skill      XL: |  1  2  3  4  5  6  7  8  9 |
---------------+----------------------------+-----
Stealth        | 1 2 3 4 |  4.6
Dodging        | 2 3 4 |  4.9
Ranged Weapons | 4 5 7 9 |  9.8
Fighting       | 3 4 5 |  5.5

Action                     |  1- 3 |  4- 6 |  7- 9 || total
---------------------------+-------+-------+-------++-------
   Fire: Sling             |    86 |   400 |   512 ||   998
    Use: Scroll            |       |     9 |     5 ||    14
         Potion            |       |       |    12 ||    12
 Armour: Leather armour    |     7 |    65 |   112 ||   184
         Steam dragon scal |       |       |    20 ||    20
  Dodge: Dodged            |     8 |    63 |   121 ||   192

Table legend: (Time is in decaauts)
 A = Elapsed time spent in this place.
 B = Non-inter-level travel time spent in this place.
 C = Inter-level travel time spent in this place.
 D = Time resting spent in this place.
 E = Time spent auto-exploring this place.
 F = Levels seen in this place.
 G = Mean time per level.
                   A        B        C        D        E       F      G
               +--------+--------+--------+--------+--------+-----+--------+
         Total |   9969 |   9563 |    406 |   1587 |   6725 |   9 | 1107.7 |
       Dungeon |   9919 |   9561 |    358 |   1587 |   6725 |   8 | 1239.9 |
        Temple |     50 |      2 |     48 |      0 |      0 |   1 |   50.0 |
               +--------+--------+--------+--------+--------+-----+--------+

Top non-repeatable levels by time:
     D:7: 1939 daAuts
     D:2: 1437 daAuts
     D:8: 1361 daAuts
     D:3: 1218 daAuts
     D:6: 1086 daAuts
     D:1: 1057 daAuts
     D:5: 994 daAuts
     D:4: 823 daAuts
  Temple: 50 daAuts
